 Dungeon Crawl Stone Soup version 0.31-a0-1447-g87ca8d402b (webtiles) character file.

Game seed: 2958507491768179453

986 BigPumpCobain the Grappler (level 7, -4/66 HPs)
             Began as a Troll Shapeshifter on Dec 27, 2023.
             Was an Initiate of Wu Jian.
             Slain by Pikel
             ... wielding a +2 whip of flaming
              (11 damage)
             ... on level 6 of the Dungeon.
             The game lasted 00:06:53 (3673 turns).

BigPumpCobain the Grappler (Troll Shapeshifter)     Turns: 3673, Time: 00:06:54

Health: -4/66      AC:  4    Str: 25    XL:     7   Next: 97%
Magic:  6/6        EV:  9    Int:  6    God:    Wu Jian [......]
Gold:   333        SH:  0    Dex:  9    Spells: 6/6 levels left

rFire   . .          .
                       - Unarmed
rCold   . . .        (no shield)
rNeg    . . .        a - +0 animal skin
rPois   .            (helmet currently unavailable)
rElec   .            (cloak currently unavailable)
rCorr   .            (gloves unavailable)
SInv    .            (boots unavailable)
Will    .....        (no amulet)
Stlth   +            (no ring)
HPRegen 1.11/turn    (no ring)
MPRegen 0.10/turn

%: no passive effects
@: beast-form
A: beast (slay +2), large, unfitting armour, claws 3, regeneration 1, shaggy fur
1, tough skin 1
a: Begin Untransformation, Renounce Religion


You were on level 6 of the Dungeon.
You worshipped Wu Jian.
Wu Jian was noncommittal.
You were a hulking beast.
You visited 1 branch of the dungeon, and saw 6 of its levels.
You also visited: Sewer.

You collected 333 gold pieces.

Inventory:

Armour
 a - a +0 animal skin (worn)
Jewellery
 w - a +4 ring of slaying
 z - a ring of flight
Talismans
 c - a beast talisman
 d - a flux talisman
 t - a blade talisman
Wands
 j - a wand of roots (6)
 A - a wand of quicksilver (5)
Scrolls
 e - 4 scrolls of identify {unknown}
 h - a scroll of enchant armour {unknown}
 k - a scroll of fear {unknown}
 l - 3 scrolls of teleportation {unknown}
 m - a scroll of amnesia {unknown}
 n - 2 scrolls of butterflies {unknown}
 o - 3 scrolls of revelation {unknown}
 s - 2 scrolls of blinking {unknown}
 y - a scroll of poison {unknown}
 B - a scroll of enchant weapon {unknown}
Potions
 b - a potion of mutation {unknown}
 f - a potion of brilliance {unknown}
 g - 2 potions of heal wounds {unknown}
 i - 4 potions of cancellation {unknown}
 p - 3 potions of attraction {unknown}
 q - 4 potions of invisibility {unknown}
 r - 2 potions of curing {unknown}
 u - a potion of haste {unknown}
 v - a potion of resistance {unknown}
 x - a potion of enlightenment {unknown}


   Skills:
 + Level 2.3 Fighting
 - Level 1.5 Dodging
 + Level 8.8 Unarmed Combat
 + Level 4.0 Shapeshifting


You had 6 spell levels left.
You didn't know any spells.
Your spell library contained the following spells:

 Spells                   Type           Power      Damage    Failure   Level
 Apportation              Tloc           0%         N/A       45%         1
 Magic Dart               Conj           0%         1d3       45%         1
 Necrotise                Necr           0%         1d4       45%         1
 Sting                    Conj/Alch      0%         1d3       45%         1
 Summon Small Mammal      Summ           0%         N/A       45%         1
 Blink                    Tloc           0%         N/A       58%         2
 Call Imp                 Summ           0%         N/A       58%         2
 Sublimation of Blood     Necr           0%         N/A       58%         2
 Petrify                  Alch/Erth      0%         N/A       99%         4
 Irradiate                Conj/Alch      0%         3d11      100%        5


Dungeon Overview and Level Annotations

Branches:
Dungeon (6/15)              Sewer (visited)
 Temple: D:4-7

Altars:
Ashenzari
Dithmenos
Kikubaaqudgha
Nemelex Xobeh
Vehumet
Wu Jian
Xom

Annotations:
D:4 exclusion: statue
D:6 Pikel


Innate Abilities, Weirdness & Mutations

You are a hulking beast.
Your limbs bulge with bestial killing power. (Slay +2)
You are too large for most types of armour.
You have claws for hands.
Your natural rate of healing is unusually fast.
You are covered in fur. (AC +1)
You have tough skin. (AC +1)


Message History

There is a stone staircase leading up here.
Pikel and a lemure come into view.
Pikel is wielding a +2 whip of flaming.
The lemure shouts!
A lemure comes into view.
A lemure comes into view.
The lemure shouts! x2
A lemure comes into view.
A sleepcap comes into view.
The lemure shouts!
The lemure hits you. Pikel hits you but does no damage.
You scratch Pikel but do no damage. The lemure completely misses you.
Pikel hits you with a +2 whip of flaming!
Pikel burns you.
You completely miss Pikel. Pikel closely misses you.
You miss Pikel. The lemure hits you.
Pikel hits you with a +2 whip of flaming!
Pikel burns you. The lemure hits you!
You closely miss Pikel. You closely miss Pikel. The lemure hits you.
Pikel hits you with a +2 whip of flaming!
* * * LOW HITPOINT WARNING * * *
Pikel burns you.
* * * LOW HITPOINT WARNING * * *
The lemure hits you but does no damage.
You scratch Pikel.
Pikel is lightly wounded.
The lemure hits you.
* * * LOW HITPOINT WARNING * * *
The lemure barely misses you.
Pikel hits you with a +2 whip of flaming.
* * * LOW HITPOINT WARNING * * *
Pikel burns you.
* * * LOW HITPOINT WARNING * * *
You scratch Pikel.
Pikel is moderately wounded.
The lemure hits you.
* * * LOW HITPOINT WARNING * * *
Pikel hits you with a +2 whip of flaming!
You die...
Pikel says, "See you in Hell!"

..........
........
....... .....
.f.. ##55 ##5K#
#.5h# #..##
##.####
#.....##
##.....##
##......## ###
#........## #..
##.........#
#..
#..........####
#..


You could see Pikel, 4 lemures and a sleepcap.

Vanquished Creatures
  An ogre (D:4)
  6 kobold brigands (Sewer)
  A bullfrog (D:6)
  2 bombardier beetles
  A hound (D:5)
  A sleepcap (D:5)
  An orc wizard (D:4)
  11 adders
  10 gnolls
  A worm (D:2)
  A dart slug (D:3)
  7 orcs
  5 bats
  6 endoplasms
  6 giant cockroaches
  9 goblins
  2 hobgoblins
  3 quokkas
  9 ball pythons
  3 frilled lizards
  9 kobolds
  3 rats
98 creatures vanquished.

Notes
Turn   | Place    | Note
-------+----------+-------------------------------------------
     0 | D:1      | BigPumpCobain the Troll Shapeshifter began the quest for
                  | the Orb.
     0 | D:1      | Reached XP level 1. HP: 18/18 MP: 0/0
    13 | D:1      | You fall into a shaft and drop 1 floor!
    56 | D:2      | Reached XP level 2. HP: 26/26 MP: 1/1
    96 | D:2      | Reached skill level 4 in Unarmed Combat
   395 | D:1      | Reached XP level 3. HP: 22/32 MP: 2/2
   924 | D:2      | Reached XP level 4. HP: 28/40 MP: 3/3
   926 | D:2      | Reached skill level 5 in Unarmed Combat
  1326 | D:3      | Reached XP level 5. HP: 38/46 MP: 4/4
  1454 | D:3      | Found a sparkling altar of Nemelex Xobeh.
  1543 | D:3      | Found an ancient bone altar of Kikubaaqudgha.
  1675 | D:3      | Found a glowing drain.
  1680 | D:3      | Reached skill level 6 in Unarmed Combat
  1688 | Sewer    | Entered a sewer
  1786 | Sewer    | Reached skill level 7 in Unarmed Combat
  1786 | Sewer    | Reached XP level 6. HP: 34/54 MP: 5/5
  1870 | Sewer    | Reached skill level 8 in Unarmed Combat
  1870 | Sewer    | Reached XP level 7. HP: 36/61 MP: 6/6
  2395 | D:4      | Reached skill level 1 in Fighting
  2592 | D:4      | Found a broken altar of Ashenzari.
  2636 | D:4      | Found a shimmering altar of Xom.
  2637 | D:4      | Found an ornate altar of the Wu Jian Council.
  2638 | D:4      | Found a shadowy altar of Dithmenos.
  2974 | D:4      | Found a radiant altar of Vehumet.
  3027 | D:4      | Became a worshipper of the Wu Jian Council
  3047 | D:5      | Entered Level 5 of the Dungeon
  3663 | D:6      | Noticed Pikel
  3673 | D:6      | Slain by Pikel

Illustrated notes

Levels and vault maps discovered:
D:1:      mainiacjoe_arrival_oval_in_oval, layout_basic
D:2:      layout_rooms
D:3:      layout_basic, lemuel_round_altar, mainiacjoe_overflow_six_doors_small,
          portal_sewer_entry_d
D:4:      layout_gridville, vehumet_statue,
          chequers_temple_overflow_statue_of_worship
D:5:      layout_gridville, grunt_decor_one_mirror
D:6:      layout_cave_pods, minmay_temple_entry_offerings,
          gammafunk_ghost_arena, serial_gnoll_camp, gnoll_camp_mini_shop,
          gnoll_camp_mini_house, gnoll_camp_mini_hut, gnoll_camp_mini_loothouse,
          gnoll_camp_medium_02, gnoll_camp_medium_01,
          hangedman_decor_diamond_cutter, uniq_pikel

Skill      XL: |  1  2  3  4  5  6  7 |
---------------+----------------------+-----
Unarmed Combat | 4 5 7 8 |  8.8
Fighting       | 2 |  2.3
Shapeshifting  | 4 |  4.0
Dodging        | |  1.5

Action                     |  1- 3 |  4- 6 |  7- 9 || total
---------------------------+-------+-------+-------++-------
  Melee: Unarmed           |    62 |    86 |    93 ||   241
         Punch             |       |     1 |     5 ||     6
Ability: Lunge             |       |       |     7 ||     7
    Use: Potion            |       |     1 |       ||     1
   Stab: Sleeping          |     1 |       |       ||     1
 Armour: Animal skin       |    39 |    45 |    55 ||   139
         Skin              |       |    24 |     3 ||    27
  Dodge: Dodged            |    20 |    29 |    39 ||    88

Table legend: (Time is in decaauts)
 A = Elapsed time spent in this place.
 B = Non-inter-level travel time spent in this place.
 C = Inter-level travel time spent in this place.
 D = Time resting spent in this place.
 E = Time spent auto-exploring this place.
 F = Levels seen in this place.
 G = Mean time per level.
                   A        B        C        D        E       F      G
               +--------+--------+--------+--------+--------+-----+--------+
         Total |   3642 |   3333 |    309 |      0 |   2467 |   7 |  520.3 |
       Dungeon |   3327 |   3018 |    309 |      0 |   2268 |   6 |  554.5 |
         Sewer |    314 |    314 |      0 |      0 |    199 |   1 |  314.0 |
               +--------+--------+--------+--------+--------+-----+--------+

Top non-repeatable levels by time:
     D:3: 888 daAuts
     D:1: 682 daAuts
     D:4: 671 daAuts
     D:5: 469 daAuts
     D:2: 464 daAuts
   Sewer: 314 daAuts
     D:6: 150 daAuts
